 Dungeon Crawl Stone Soup version 0.20-a0-967-g62cfa5d (webtiles) character file.

205 4thArraOfDagon the Poker (level 5, 1/42 HPs)
             Began as a Mummy Wanderer on Apr 7, 2017.
             Quit the game on level 7 of the Dungeon.
             The game lasted 00:05:31 (1317 turns).

4thArraOfDagon the Poker (Mummy Wanderer)           Turns: 1317, Time: 00:05:31

Health: 1/42       AC:  5    Str: 18    XL:     5   Next: 52%
Magic:  5/5        EV: 10    Int: 10    God:
Gold:   72         SH:  3    Dex: 11    Spells: 4/4 levels left

rFire    x . .     SeeInvis .   a - +3 spear
rCold    + . .     Gourm    .   c - +0 buckler
rNeg     + + +     Faith    .   i - +0 ring mail
rPois    ∞         Spirit   .   (no helmet)
rElec    .         Reflect  .   (no cloak)
rCorr    .         Harm     .   (no gloves)
MR       .....                  (no boots)
Stlth    +.........             (no amulet)
Regen    0.2/turn               (no ring)
MPRegen  0.1/turn               (no ring)

@: no status effects
A: no food or potions, fire vulnerability, cold resistance 1, negative energy
resistance 3, torment resistance, unbreathing
a: no special abilities


You were on level 7 of the Dungeon.
You were not hungry.

You visited 1 branch of the dungeon, and saw 8 of its levels.

You collected 72 gold pieces.

Inventory:

Hand Weapons
 a - a +3 spear (weapon)
 j - a +0 trident
Armour
 c - a +0 buckler (worn)
 d - a +0 robe
 i - a +0 ring mail (worn)
 k - a scarf of cold resistance
Magical Staves
 g - an uncursed staff of cold {unknown}
Wands
 h - a wand of confusion (17/48)
Scrolls
 e - 2 scrolls of remove curse
 f - a scroll of immolation
 l - a scroll of identify


   Skills:
 - Level 4.0 Fighting
   Level 1.0(3.1) Axes
 * Level 4.8(4.9) Polearms
 - Level 1.0 Dodging
 - Level 1.0 Stealth
 - Level 1.0 Shields


You had 4 spell levels left.
You didn't know any spells.

Dungeon Overview and Level Annotations

Branches:
Dungeon (8/15)             Temple (0/1) D:7            Lair (0/6) D:8

Altars:
Hepliaklqana


Innate Abilities, Weirdness & Mutations

You do not eat or drink.
Your flesh is vulnerable to fire.
You are immune to poison.
Your flesh is cold resistant. (rC+)
You are immune to negative energy. (rN+++)
You are immune to unholy pain and torment.
You can survive without breathing.


Message History

Aim: a killer bee (chance to defeat MR: 54%)
The killer bee resists with significant effort.
This wand has 18 charges left.
The killer bee closely misses you. The killer bee completely misses you.
Unknown command.
Unknown command.
Evoke which item? (* to show all) (? for menu, Esc to quit)
Aiming: Confuse
Press: ? - help, Shift-Dir - straight line, f/p - killer bee
Aim: a killer bee (chance to defeat MR: 54%)
The killer bee resists with significant effort.
This wand has 17 charges left.
The killer bee stings you.
* * * LOW HITPOINT WARNING * * *
The gnoll misses the killer bee.
The killer bee closely misses you. The killer bee stings you.
* * * LOW HITPOINT WARNING * * *
Unknown command.
Unknown command.
Unknown command.
Are you sure you want to abandon this character and quit the game? (Confirm with "yes".)

,,,,***,,....#.# #...........#
,,,** **,,...#.######..........##
,,** **,,*#.....<...............#
,*****,,***.....................#
,**,,,,** ##......†.g.#......>...
,**,******#...y.......#.........#
,**,**,,,,,.#yy####..##.........#
,**,*,,*****#yy#.......#.......##
,**,*,** ##.#@......##.....##
***,,,* #gyy......######## *,,,**
#)........# ***** #.........#
*#...#######*********
***.....***,,**,**,,,,*
*****,.......,,,,,,,,,,,,,,
**,,,,.........,,,,,,,,,,,,,
**,,,,,.P.....P♣,*,,,,,,,,*,,


You could see 2 killer bees and a gnoll (confused).

Vanquished Creatures
  A centaur (D:6)
  A bullfrog (D:7)
  A hound (D:7)
  A gnoll (D:7)
  An adder (D:4)
  An adder skeleton (D:4)
  2 dart slugs
  2 orcs (D:4)
  2 bats
  2 giant cockroaches
  A goblin (D:2)
  A hobgoblin (D:2)
  6 jackals
  A kobold (D:1)
  A quokka (D:4)
  2 frilled lizards (D:2)
  A rat (D:3)
27 creatures vanquished.

Notes
Turn   | Place    | Note
-------+----------+-------------------------------------------
     0 | D:1      | 4thArraOfDagon the Mummy Wanderer began the quest for the Orb.
     0 | D:1      | 4thArraOfDagon set off with: a +2 spear, a scroll of teleportation, a +0 buckler, a +0 robe
     0 | D:1      | Reached XP level 1. HP: 19/19 MP: 1/1
   203 | D:2      | Reached XP level 2. HP: 24/25 MP: 2/2
   225 | D:2      | Found a hazy altar of Hepliaklqana.
   607 | D:5      | Entered Level 5 of the Dungeon
   623 | D:4      | Reached XP level 3. HP: 15/30 MP: 3/3
   991 | D:6      | Noticed a bullfrog
  1015 | D:6      | Noticed a centaur
  1046 | D:6      | Killed a centaur
  1046 | D:6      | Reached XP level 4. HP: 8/37 MP: 4/4
  1055 | D:7      | Noticed a hungry ghost
  1071 | D:7      | Noticed an orc warrior
  1079 | D:8      | Found a staircase to the Lair.
  1079 | D:8      | Noticed a black bear
  1132 | D:7      | Noticed a bullfrog
  1169 | D:7      | Killed a bullfrog
  1169 | D:7      | Reached XP level 5. HP: 21/42 MP: 5/5
  1297 | D:7      | RIP
  1316 | D:7      | HP: 1/42 [killer bee (3)]
  1317 | D:7      | Quit the game

Vault maps used:
D:1:      saegor_arrival_simple_e
D:2:      lemuel_coloured_pillars_altar, vehumet_crystals
D:4:      first_bread, minivault_27
D:5:      kennysheep_mini
D:7:      kennysheep_housing_project, marbit_many_paths, lemuel_crystal_altar,
          minmay_temple_entry_enclosed_plants
D:8:      nemelex_xobeh_ov_fountains_minmay, grunt_qazlal_sundering,
          lair_entry_dummy

Skill      XL: |  1  2  3 |
---------------+----------+-----
Polearms       | 2 4 |  4.8
Fighting       | |  4.0
Axes           | |  1.0
Dodging        | |  1.0
Stealth        | |  1.0
Shields        | |  1.0

Action                   |  1- 3 |  4- 6 || total
-------------------------+-------+-------++-------
Melee: Spear             |    92 |    23 ||   115
Evoke: Wand              |     7 |    12 ||    19
  Use: Scroll            |     4 |     3 ||     7
 Stab: Sleeping          |     1 |       ||     1
       Confused          |     3 |       ||     3
Armor: Robe              |     7 |       ||     7
       Ring mail         |     7 |     5 ||    12
Dodge: Dodged            |    24 |    12 ||    36
Block: Buckler           |    14 |     1 ||    15
